 Dungeon Crawl Stone Soup version 0.26.0-90-g5fd8617961 (webtiles) character file.

Game seed: 14847762379156342467

10868 sizableburger the Geomancer (level 11, -6/54 HPs)
             Began as a Deep Elf Earth Elementalist on Feb 2, 2021.
             Was an Elder of Ru.
             Mangled by a dire elephant (37 damage)
             ... in a Gauntlet on Feb 3, 2021.
             The game lasted 00:52:22 (16550 turns).

sizableburger the Geomancer (DEEE)                 Turns: 16550, Time: 00:52:24

Health: -6/54      AC:  9    Str:  5    XL:     11   Next: 41%
Magic:  23/23      EV: 18    Int: 24    God:    Ru [****..]
Gold:   477        SH:  0    Dex: 15    Spells: 9/24 levels left

rFire    . . .     SeeInvis .   f - +7 quarterstaff (elec)
rCold    . . .     Faith    .   (shield currently unavailable)
rNeg     . . .     Spirit   .   c - +0 robe
rPois    +         Reflect  .   (helmet restricted)
rElec    .         Harm     .   a - +1 cloak
rCorr    +         Rampage  .   (no gloves)
Will     +....     NoTele   +   k - +0 pair of boots
Stlth    ++........             B - amulet of magic regeneration
HPRegen  0.00/turn              g - ring of wizardry
MPRegen  0.43/turn              D - ring of resist corrosion

@: no status effects
A: horns 1, iridescent scales 1, thin metallic scales 1, poison resistance,
inhibited regeneration, inability to use devices, unskilled 1
a: Renounce Religion, Draw Out Power, Power Leap


You were in a Gauntlet.
You worshipped Ru.
Ru was greatly pleased with you.
You visited 2 branches of the dungeon, and saw 11 of its levels.
You also visited: Gauntlet.

You collected 777 gold pieces.
You spent 300 gold pieces at shops.

Inventory:

Hand Weapons
 f - a +7 quarterstaff of electrocution (weapon)
Missiles
 b - 194 stones
Armour
 a - a +1 cloak (worn)
 c - a +0 robe (worn)
 k - a +0 pair of boots (worn)
Magical Staves
 A - an uncursed staff of cold
Jewellery
 g - a ring of wizardry (left hand)
 n - a +6 ring of strength
 s - an uncursed ring of protection from cold
 t - an uncursed ring of see invisible
 B - an amulet of magic regeneration (around neck)
 D - a ring of resist corrosion (right hand)
Scrolls
 d - 3 scrolls of amnesia
 h - 3 scrolls of teleportation
 m - 2 scrolls of blinking
 p - 4 scrolls of identify
 v - 2 scrolls of fear
 y - 2 scrolls of remove curse
Potions
 e - 4 potions of flight
 i - 4 potions of heal wounds
 j - 5 potions of curing
 l - 3 potions of brilliance
 o - 5 potions of lignification
 q - 3 potions of haste
 r - 2 potions of invisibility
 u - a potion of resistance {unknown}
 w - 2 potions of cancellation
 x - 3 potions of might
 z - 2 potions of ambrosia {unknown}


   Skills:
 - Level 0.3 Fighting
 + Level 4.4 Staves
 - Level 9.0 Dodging
 - Level 2.1 Stealth
 - Level 7.1 Spellcasting
 + Level 4.9 Conjurations
 + Level 9.6 Transmutations
 - Level 10.2 Earth Magic


You had 9 spell levels left.
You knew the following spells:

 Your Spells              Type           Power        Failure   Level
a - Sandblast             Erth           100%         1%          1
b - Passwall              Tmut/Erth      45%          1%          2
c - Stone Arrow           Conj/Erth      90%          1%          3
d - Petrify               Tmut/Erth      54%          1%          4
e - Lee's Rapid Deconstr  Erth           27%          1%          5

Your spell library contained the following spells:

 Spells                   Type           Power        Failure   Level
 Beastly Appendage        Tmut           100%         1%          1
 Magic Dart               Conj           100%         1%          1
 Searing Ray              Conj           64%          1%          2
 Wereblood                Tmut           53%          1%          2
 Spider Form              Tmut/Pois      15%          1%          3
 Blade Hands              Tmut           26%          1%          5
 Corona                   Hex            8%           2%          1
 Dazzling Flash           Conj/Hex       40%          3%          3
 Ensorcelled Hibernation  Hex/Ice        16%          4%          2
 Ice Form                 Ice/Tmut       31%          4%          4
 Confusing Touch          Hex            8%           9%          3
 Tukima's Dance           Hex            8%           9%          3
 Fulminant Prism          Conj/Hex       10%          11%         4
 Iskenderun's Mystic Bla  Conj/Tloc      20%          11%         4


Dungeon Overview and Level Annotations

Branches:
Dungeon (9/15)             Temple (0/1) D:4            Lair (2/6) D:8
Gauntlet (1/1)
  Swamp: Lair:2-4    Shoals: Lair:2-4     Snake: Lair:2-4    Spider: Lair:2-4
    Orc: D:9-12

Altars:
Dithmenos
Fedhas
Gozag
Kikubaaqudgha
Nemelex Xobeh
Qazlal
Ru
Sif Muna
Trog
Vehumet
Zin

Shops:
D:4 !

Annotations:
D:8 1 runed translucent door Gauntlet 5 transporters, 8 runed translucent doors


Innate Abilities, Weirdness & Mutations

You do not regenerate when monsters are visible.
You cannot study or use magical devices.
You are somewhat unskilled. (-1 Apt)
You have a pair of small horns on your head.
You are partially covered in iridescent scales. (AC +2)
You are partially covered in thin metallic scales. (AC +2)
Your system is resistant to poisons. (rPois)


Message History

The dire elephant tramples you but does no damage.
The dire elephant trunk-slaps you.
Casting: Petrify (dangerous; 1% risk of failure)
Confirm with . or Enter, or press ? or * to list all spells.
Aiming: Petrify (dangerous; 1% risk of failure)
Press: ? - help, Shift-Dir - straight line, f - dire elephant
Aim: a dire elephant (chance to affect: 12%)
Okay, then.
You see here a golden potion.
u - a golden potion The dire elephant tramples you!!
You hold your ground!
The dire elephant trunk-slaps you.
You focus your inner power and illuminate the dire elephant in retribution!
You see here a book of Changes.
You pick up a book of Changes and begin reading...
You add the spells Beastly Appendage, Wereblood, Spider Form, Ice Form and Blade Hands to your library.
The elephant changes into a swamp dragon!
The dire elephant tramples you!!!
Ouch! That really hurt!
You die...

.##.....G.##.#...Y.....#.#
.#.#.....#G#.#.Y##Y##..#.###
.#..#...#..#.#.#..#Y.#.#.#8#
.#...#©#..S#.#.#..#©.#.#.#
.#....#...D#.#..#####..#.#
.#...#.#...#.#.#..#..#.#.##
.K#.#.#..#Y.#.#.#8#
#.#.#..##Y##..#.###
##.#..@Y©=...#.#
###.###########.#
................#8
...............≈###
################# # #8 8# 8#
## ## #


You could see a dire elephant (corona), 2 elephants, a swamp dragon shaped
shifter, a sea snake, a shining eye shaped shifter and a big kobold shaped
shifter.

Vanquished Creatures
  A two-headed ogre (D:8)
  The ghost of Calibrex the Warmonger, a novice DsGl of Okawaru (D:8)
  5 oklob plants
  5 cane toads (Lair:1)
  2 komodo dragons
  2 polar bears
  A hornet (D:7)
  2 spriggans (D:8)
  3 wraiths (D:8)
  3 yaks (Lair:1)
  4 water moccasins
  3 acid dragons (Gauntlet)
  An orc warrior (D:7)
  2 ice beasts
  3 necrophages
  5 ogres
  A big kobold (D:9)
  2 elf zombies (D:8)
  7 bullfrogs
  5 scorpions
  2 wights (D:8)
  2 bullfrog zombies
  5 orc priests
  2 hounds
  5 jellies
  2 human zombies (D:8)
  2 bullfrog skeletons
  Crazy Yiuf (D:3)
  Jessica (D:2)
  5 iguanas
  Terence (D:3)
  4 orc wizards
  8 worker ants
  2 worker ant zombies
  2 howler monkey skeletons (D:5)
  11 adders
  A gnoll (D:1)
  2 shadow imps (D:7)
  3 white imps
  3 ufetubi
  2 oozes
  An adder skeleton (D:5)
  4 worms
  5 dart slugs
  10 leopard geckos
  38 orcs
  3 ball pythons
  8 bats
  10 giant cockroaches
  8 goblins
  7 hobgoblins (D:2)
  9 jackals
  3 quokkas
  4 frilled lizards
  10 kobolds
  11 rats
  3 butterflies (D:8)
258 creatures vanquished.

Vanquished Creatures (others)
  A bullfrog (D:6)
  4 fungi
  15 plants
20 creatures vanquished.

Grand Total: 278 creatures vanquished

Notes
Turn   | Place    | Note
-------+----------+-------------------------------------------
     0 | D:1      | sizableburger the Deep Elf Earth Elementalist began the
                  | quest for the Orb.
     0 | D:1      | Reached XP level 1. HP: 10/10 MP: 6/6
    90 | D:1      | Reached XP level 2. HP: 11/15 MP: 5/8
   491 | D:1      | Learned a level 2 spell: Passwall
   724 | D:1      | Reached XP level 3. HP: 19/19 MP: 8/10
   728 | D:1      | Learned a level 3 spell: Stone Arrow
  2007 | D:2      | Found a sacrificial altar of Ru.
  2032 | D:2      | Reached XP level 4. HP: 24/24 MP: 4/11
  2149 | D:2      | Became a worshipper of Ru the Awakened
  2257 | D:2      | Reached skill level 1 in Conjurations
  2257 | D:2      | Reached skill level 4 in Earth Magic
  2460 | D:2      | Noticed Jessica
  2465 | D:2      | Killed Jessica
  2885 | D:2      | Found a glowing silver altar of Zin.
  2994 | D:2      | Reached XP level 5. HP: 28/28 MP: 9/13
  3853 | D:3      | Gained mutation: Your spells are a little harder to cast,
                  | but a little more powerful. [potion of mutation]
  3853 | D:3      | Gained mutation: You are dopey. (Int -2) [potion of
                  | mutation]
  3853 | D:3      | Gained mutation: You are partially covered in iridescent
                  | scales. (AC +2) [potion of mutation]
  3853 | D:3      | Gained mutation: You are partially covered in yellow
                  | scales. (AC +2) [potion of mutation]
  3854 | D:3      | Lost mutation: You are partially covered in yellow scales.
                  | (AC +2) [potion of mutation]
  3854 | D:3      | Lost mutation: You are dopey. (Int -2) [potion of mutation]
  3854 | D:3      | Lost mutation: Your spells are a little harder to cast, but
                  | a little more powerful. [potion of mutation]
  3854 | D:3      | Gained mutation: Your system is resistant to poisons.
                  | (rPois) [potion of mutation]
  3854 | D:3      | Gained mutation: You are partially covered in thin metallic
                  | scales. (AC +2) [potion of mutation]
  3854 | D:3      | Gained mutation: You have a pair of small horns on your
                  | head. [potion of mutation]
  4492 | D:3      | Found a shimmering blue altar of Sif Muna.
  4502 | D:3      | Identified Sif Muna's Compendium of Enchantment
  4509 | D:3      | Learned a level 4 spell: Petrify
  4531 | D:3      | Found a bloodstained altar of Trog.
  4531 | D:3      | Noticed Terence
  4537 | D:3      | Killed Terence
  4694 | D:3      | Gained mutation: You cannot study or use magical devices.
                  | [Ru sacrifice]
  4694 | D:3      | Reached * piety under Ru
  4694 | D:3      | Reached ** piety under Ru
  4766 | D:3      | Reached XP level 6. HP: 32/32 MP: 6/14
  5166 | D:3      | Found a runed translucent door.
  5167 | D:3      | Noticed Crazy Yiuf
  5265 | D:3      | Killed Crazy Yiuf
  5745 | D:4      | Reached skill level 5 in Earth Magic
  5919 | D:4      | Reached XP level 7. HP: 36/36 MP: 7/16
  5989 | D:4      | Learned a level 5 spell: Lee's Rapid Deconstruction
  6125 | D:4      | Found a radiant altar of Vehumet.
  6190 | D:4      | Reached skill level 5 in Spellcasting
  6268 | D:4      | Found a shadowy altar of Dithmenos.
  6625 | D:4      | Reached skill level 5 in Transmutations
  6625 | D:4      | Reached skill level 6 in Earth Magic
  6668 | D:4      | Found Ygussyme's Distillery.
  6808 | D:4      | Found a staircase to the Ecumenical Temple.
  6921 | D:4      | Bought a potion of heal wounds for 50 gold pieces
  6921 | D:4      | Bought a potion of heal wounds for 50 gold pieces
  6921 | D:4      | Bought 2 potions of haste for 200 gold pieces
  7212 | D:4      | Found a stormy altar of Qazlal.
  7247 | D:5      | Entered Level 5 of the Dungeon
  7342 | D:5      | Reached XP level 8. HP: 32/41 MP: 7/17
  7409 | D:5      | Found a blossoming altar of Fedhas.
  7636 | D:5      | Reached skill level 7 in Earth Magic
  7924 | D:5      | Gained mutation: You are somewhat unskilled. (-1 Apt) [Ru
                  | sacrifice]
  7924 | D:5      | Reduced skill Transmutations to level 5
  7924 | D:5      | Reduced skill Earth Magic to level 6
  7924 | D:5      | Reached *** piety under Ru
  7924 | D:5      | Reached **** piety under Ru
  8616 | D:6      | Reached skill level 5 in Spellcasting
  8940 | D:6      | Reached skill level 7 in Earth Magic
  8992 | D:6      | Reached skill level 5 in Dodging
  9366 | D:6      | Reached XP level 9. HP: 41/45 MP: 6/20
  9902 | D:7      | Found an opulent altar of Gozag.
 10452 | D:7      | Reached skill level 8 in Earth Magic
 11107 | D:8      | Found a runed translucent door.
 11113 | D:8      | Found a runed translucent door.
 11212 | D:8      | Noticed a two-headed ogre
 11233 | D:8      | Killed a two-headed ogre
 11339 | D:8      | Upgraded the game from 0.26.0-57-g60708a5e39 to
                  | 0.26.0-90-g5fd8617961
 11434 | D:8      | Found a sparkling altar of Nemelex Xobeh.
 11451 | D:8      | Found a shadowy altar of Dithmenos.
 11523 | D:8      | Gained mutation: You do not regenerate when monsters are
                  | visible. [Ru sacrifice]
 11823 | D:8      | Found a staircase to the Lair.
 11824 | D:8      | Noticed a komodo dragon
 11848 | D:8      | Killed a komodo dragon
 12075 | D:8      | Found a runed translucent door.
 12077 | D:8      | Identified the +8 trident "Faecry" {vorpal, +Blink rElec
                  | Str+4 Int+3}
 12078 | D:8      | Noticed a polar bear
 12078 | D:8      | Noticed Calibrex's ghost (novice DsGl)
 12247 | D:8      | Reached XP level 10. HP: 37/50 MP: 22/22
 12335 | D:8      | Reached skill level 9 in Earth Magic
 12912 | D:8      | Found an ancient bone altar of Kikubaaqudgha.
 13070 | D:8      | Killed Calibrex's ghost
 13415 | Lair:1   | Entered Level 1 of the Lair of Beasts
 13627 | Lair:1   | Noticed a cane toad
 13633 | Lair:1   | Noticed a cane toad
 13636 | Lair:1   | Killed a cane toad
 13637 | Lair:1   | Reached skill level 1 in Staves
 13647 | Lair:1   | Killed a cane toad
 13648 | Lair:1   | Reached skill level 10 in Earth Magic
 13928 | Lair:1   | Noticed a cane toad
 13937 | Lair:1   | Killed a cane toad
 13971 | Lair:1   | Noticed a cane toad
 13985 | Lair:1   | Killed a cane toad
 14141 | Lair:1   | Reached XP level 11. HP: 51/54 MP: 17/23
 14800 | Lair:1   | Noticed an oklob plant
 14807 | Lair:1   | Noticed an oklob plant
 14807 | Lair:1   | Noticed an oklob plant
 14810 | Lair:1   | Killed an oklob plant
 15099 | Lair:1   | Killed an oklob plant
 15238 | Lair:1   | Killed an oklob plant
 15881 | Lair:2   | Found a gate leading to a gauntlet.
 15921 | Gauntlet | Entered a Gauntlet
 15921 | Gauntlet | Found a transporter.
 15932 | Gauntlet | Noticed an oklob plant
 15932 | Gauntlet | Found a transporter.
 15936 | Gauntlet | Found a large runed translucent door.
 15937 | Gauntlet | Found a large runed translucent door.
 15937 | Gauntlet | Found a large runed translucent door.
 15937 | Gauntlet | Found a large runed translucent door.
 15962 | Gauntlet | Killed an oklob plant
 15963 | Gauntlet | Found a transporter.
 15963 | Gauntlet | Found a transporter.
 16007 | Gauntlet | Noticed a sixfirhy
 16007 | Gauntlet | Noticed a wretched star
 16008 | Gauntlet | Noticed a sixfirhy
 16021 | Gauntlet | Found a transporter.
 16037 | Gauntlet | Found a transporter.
 16037 | Gauntlet | Found a large runed translucent door.
 16037 | Gauntlet | Found a large runed translucent door.
 16037 | Gauntlet | Found a runed translucent door.
 16037 | Gauntlet | Found a runed translucent door.
 16038 | Gauntlet | Found a large runed translucent door.
 16039 | Gauntlet | Found a large runed translucent door.
 16040 | Gauntlet | Found a large runed translucent door.
 16040 | Gauntlet | Found a large runed translucent door.
 16041 | Gauntlet | Found a runed translucent gate.
 16041 | Gauntlet | Found a runed translucent gate.
 16041 | Gauntlet | Found a runed translucent gate.
 16042 | Gauntlet | Noticed an oklob plant
 16043 | Gauntlet | Found a transporter.
 16045 | Gauntlet | Found a large runed translucent door.
 16045 | Gauntlet | Found a large runed translucent door.
 16045 | Gauntlet | Found a large runed translucent door.
 16045 | Gauntlet | Found a large runed translucent door.
 16045 | Gauntlet | Found a large runed translucent door.
 16045 | Gauntlet | Found a large runed translucent door.
 16112 | Gauntlet | Found a transporter.
 16125 | Gauntlet | Noticed an orb spider
 16372 | Gauntlet | Noticed an alligator
 16409 | Gauntlet | Noticed an anaconda
 16410 | Gauntlet | Noticed a deep troll
 16410 | Gauntlet | an anaconda changed into a deep troll
 16423 | Gauntlet | Noticed a two-headed ogre
 16423 | Gauntlet | a redback changed into a two-headed ogre
 16424 | Gauntlet | Noticed a wolf spider
 16424 | Gauntlet | a deep troll changed into a wolf spider
 16427 | Gauntlet | a wolf spider changed into a torpor snail
 16428 | Gauntlet | Noticed a sea snake
 16428 | Gauntlet | a torpor snail changed into a sea snake
 16429 | Gauntlet | a sea snake changed into a floating eye
 16430 | Gauntlet | Noticed a mana viper
 16430 | Gauntlet | a floating eye changed into a mana viper
 16433 | Gauntlet | a mana viper changed into a water nymph
 16446 | Gauntlet | Killed an oklob plant
 16493 | Gauntlet | Noticed a lindwurm
 16495 | Gauntlet | a lindwurm changed into a dream sheep
 16498 | Gauntlet | Noticed a dire elephant
 16499 | Gauntlet | Noticed a swamp dragon
 16499 | Gauntlet | a dream sheep changed into a swamp dragon
 16502 | Gauntlet | Found a transporter.
 16504 | Gauntlet | a swamp dragon changed into a snapping turtle
 16526 | Gauntlet | Noticed a glowing shapeshifter
 16526 | Gauntlet | an elephant changed into a glowing shapeshifter
 16527 | Gauntlet | Noticed a shock serpent
 16527 | Gauntlet | a glowing shapeshifter changed into a shock serpent
 16534 | Gauntlet | Noticed a shining eye
 16534 | Gauntlet | a floating eye changed into a shining eye
 16537 | Gauntlet | a shock serpent changed into an eye of devastation
 16542 | Gauntlet | Found a transporter.
 16547 | Gauntlet | Noticed a sea snake
 16550 | Gauntlet | Noticed a swamp dragon
 16550 | Gauntlet | an elephant changed into a swamp dragon
 16550 | Gauntlet | Mangled by a dire elephant

Illustrated notes

Levels and vault maps discovered:
D:1:      dpeg_arrival_signposts, layout_loops_corners
D:2:      minmay_razor_zed, layout_basic, zin_scriptorium,
          nicolae_ru_the_path_less_chosen, uniq_jessica
D:3:      layout_loops_ring, nzn_overflow_gifts_of_might_and_magic,
          uniq_terence, uniq_crazy_yiuf_cottage
D:4:      layout_loops_ring, nicolae_qazlal_eye_of_the_storm,
          nicolae_overflow_crystal_walls, minmay_temple_entry_enclosed_plants,
          serial_shops, shop_coins, solitary_fountain,
          nicolae_dithmenos_shadow_blocks
D:5:      layout_rooms, lemuel_doored_altar, kennysheep_generic_room_10
D:6:      layout_loops_ring, gup_sewer_entry_glass, minmay_between
D:7:      layout_basic, nicolae_gozag_cash_rules_everything_around_me,
          hangedman_abyss_or_decor_slice
D:8:      lemuel_insect_pit, layout_loops_ring,
          lemuel_mausoleum_altar_kikubaaqudgha,
          nemelex_xobeh_ov_fountains_minmay, kennysheep_little_box,
          david_lair_shrubbed, ebering_ghost_funeral_grove
D:9:      layout_loops_ring, general_overflow_altar, gammafunk_ghost_split,
          serial_glass, glass_columns_a, glass_columns_a
Lair:1:   wad_woods_04, layout_layer_cave, minmay_stone_trees_small,
          serial_bayou_shore_b, minmay_lair_oklob_chamber
Lair:2:   layout_gridlike, palyth_hydra_swamp_entry, gauntlet_entry_generic
Gauntlet: gammafunk_gauntlet_one_two_three [gammafunk_gauntlet_arena_grid,
          minmay_gauntlet_arena_make_your_own_arena,
          gammafunk_gauntlet_arena_open, nicolae_gauntlet_arena_quarters,
          nicolae_gauntlet_arena_x, nicolae_gauntlet_arena_t_cross,
          gammafunk_gauntlet_arena_split_diamond,
          nicolae_gauntlet_arena_grate_2, gammafunk_gauntlet_arena_spirals,
          gauntlet_exit_hidden_loot]

Skill      XL: |  1  2  3  4  5  6  7  8  9 10 11 |
---------------+----------------------------------+-----
Dodging        | 3 4 5 7 9 |  9.0
Transmutations | 2 3 4 6 5 7 8 9 |  9.6
Conjurations   | 1 2 3 4 |  4.9
Earth Magic    | 4 5 6 7 8 10 | 10.2
Spellcasting   | 4 5 6 7 |  7.1
Staves         | 2 4 |  4.4
Fighting       | |  0.3
Stealth        | |  2.1

Action                   |  1- 3 |  4- 6 |  7- 9 | 10-12 || total
-------------------------+-------+-------+-------+-------++-------
Melee: Unarmed           |    49 |    16 |       |       ||    65
       Quarterstaff      |       |    12 |   192 |   160 ||   364
       Headbutt          |       |     2 |    26 |    31 ||    59
 Cast: Sandblast         |    31 |    52 |    14 |     7 ||   104
       Stone Arrow       |     9 |    65 |    56 |    18 ||   148
       Passwall          |       |     1 |     3 |     4 ||     8
       Petrify           |       |     1 |     8 |    23 ||    32
       Lee's Rapid Decon |       |       |    28 |    30 ||    58
Invok: Sacrifice Artific |       |     1 |       |       ||     1
       Sacrifice Skill   |       |       |     1 |       ||     1
       Sacrifice Purity  |       |       |     1 |       ||     1
       Draw Out Power    |       |       |       |     1 ||     1
       Power Leap        |       |       |       |     1 ||     1
       Reject Sacrifices |       |       |       |     1 ||     1
  Use: Scroll            |       |    13 |    12 |     5 ||    30
       Potion            |       |     2 |       |     2 ||     4
 Stab: Sleeping          |     2 |       |     4 |     3 ||     9
       Distracted        |       |     1 |     1 |     1 ||     3
       Petrified         |       |       |     8 |    51 ||    59
       Invisible         |       |       |     1 |     2 ||     3
       Petrifying        |       |       |     1 |     4 ||     5
Armor: Robe              |    13 |    19 |    69 |    47 ||   148
Dodge: Dodged            |    41 |    48 |   175 |   120 ||   384
